 Dungeon Crawl Stone Soup version 0.30-a0-122-g2a1322497e (webtiles) character file.

Game seed: 5264223458938309783

10021 AarnesTheHuman the Thaumaturge (level 11, -1/64 HPs)
             Began as a Gargoyle Earth Elementalist on Sept 17, 2022.
             Was a Priest of Vehumet.
             Slain by an orc
             ... wielding a +0 hand axe
              (4 damage)
             ... in a bailey.
             The game lasted 00:32:36 (11788 turns).

AarnesTheHuman the Thaumaturge (GrEE)              Turns: 11788, Time: 00:32:37

Health: -1/64      AC: 16    Str: 13    XL:     11   Next: 55%
Magic:  9/23       EV: 10    Int: 19    God:    Vehumet [***...]
Gold:   449        SH:  9    Dex: 10    Spells: 15/27 levels left

rFire   . . .      SeeInvis +    a - +6 whip (spect)
rCold   + . .      Faith    .    D - +0 kite shield
rNeg    + . .      Spirit   .    A - +2 leather armour {rC+}
rPois   ∞          Reflect  .    C - +0 helmet
rElec   +          Harm     .    I - scarf {shadows}
rCorr   .          Rampage  .    h - +1 pair of gloves
Will    +....                    (no boots)
Stlth   ++........               (no amulet)
HPRegen 0.20/turn                s - ring of see invisible
MPRegen 0.18/turn                x - ring of willpower

@: freezing walls
A: sickness immunity, AC +8, negative energy resistance 1, electricity
resistance, torment resistance 1, petrification resistance
a: Renounce Religion


You were in a bailey.
You worshipped Vehumet.
Vehumet was most pleased with you.
You visited 2 branches of the dungeon, and saw 10 of its levels.
You also visited: Bailey.

You collected 449 gold pieces.

Inventory:

Hand Weapons
 a - a +6 spectral whip (weapon)
 k - a +2 antimagic dagger
 J - a +2 vorpal hammer
Missiles
 g - 82 stones
 n - 5 atropa-tipped darts
 u - 3 boomerangs of dispersal
 v - a throwing net
 w - 4 poisoned darts (quivered)
Armour
 h - a +1 pair of gloves (worn)
 A - a +2 leather armour of cold resistance (worn)
 C - a +0 helmet (worn)
 D - a +0 kite shield (worn)
 I - a scarf of shadows (worn)
Magical Staves
 b - a staff of cold
 o - a staff of air
Jewellery
 e - a ring of protection from fire
 s - a ring of see invisible (left hand)
 x - a ring of willpower (right hand)
 K - a +4 ring of evasion
Wands
 c - a wand of roots (6)
 i - a wand of paralysis (9)
 y - a wand of mindburst (16)
 H - a wand of digging (2)
Scrolls
 q - a scroll of butterflies
 F - 2 scrolls of enchant armour
Potions
 f - 7 potions of curing
 j - 2 potions of degeneration
 l - 3 potions of cancellation {unknown}
 m - 2 potions of heal wounds
 p - 2 potions of resistance
 r - 2 potions of mutation
 t - a potion of haste {unknown}
 B - 2 potions of attraction
 E - 5 potions of might
 G - 2 potions of berserk rage {unknown}


   Skills:
 + Level 6.1 Fighting
 - Level 7.2 Maces & Flails
 - Level 0.5 Armour
 - Level 1.5 Dodging
 - Level 2.1 Stealth
 - Level 6.5 Shields
 + Level 8.7 Spellcasting
 - Level 8.6 Conjurations
 - Level 0.7 Transmutations
 + Level 4.1 Ice Magic
 - Level 8.0 Earth Magic
 + Level 0.0 Poison Magic


You had 15 spell levels left.
You knew the following spells:

 Your Spells              Type           Power      Damage    Failure   Level
a - Sandblast             Erth           76%        2d16      1%          1
b - Stone Arrow           Conj/Erth      78%        3d11      1%          3
c - Passwall              Tmut/Erth      20%        N/A       8%          2
d - Frozen Ramparts       Ice            46%        1d7       4%          3
e - Shock                 Conj/Air       96%        1d9       1%          1
f - Poisonous Vapours     Pois/Air       16%        N/A       12%         2

Your spell library contained the following spells:

 Spells                   Type           Power      Damage    Failure   Level
 Flame Wave               Conj/Fire      24%        2d8       13%         4
 Ozocubu's Armour         Ice            23%        N/A       16%         3
 Apportation              Tloc           16%        N/A       28%         1
 Necrotise                Necr           32%        1d5       28%         1
 Slow                     Hex            32%        N/A       28%         1
 Summon Small Mammal      Summ           32%        N/A       28%         1
 Petrify                  Tmut/Erth      24%        N/A       43%         4
 Confusing Touch          Hex            8%         N/A       65%         3
 Vampiric Draining        Necr           8%         2d6       65%         3
 Ice Form                 Ice/Tmut       17%        N/A       71%         4
 Summon Ice Beast         Ice/Summ       16%        N/A       77%         4
 Ozocubu's Refrigeration  Ice            11%        4d10      100%        7


Dungeon Overview and Level Annotations

Branches:
Dungeon (9/15)             Temple (1/1) D:6          Bailey (1/1)
   Lair: D:8-11         Orc: D:9-12

Altars:
Ashenzari
Cheibriados
Dithmenos
Elyvilon
Fedhas
Gozag
Hepliaklqana
Kikubaaqudgha
Makhleb
Nemelex Xobeh
Okawaru
Ru
Sif Muna
Trog
Uskayaw
Vehumet
Wu Jian
Xom
Yredelemnul
Zin
The Shining One

Shops:
D:3 [   D:7 *

Annotations:
D:4 exclusions: orc and orc wizard
D:5 exclusion: steam dragon
D:7 1 runed translucent door, exclusion: door, Crazy Yiuf


Innate Abilities, Weirdness & Mutations

You are immune to sickness and miasma.
Your stone body is resilient. (AC +8)
You are immune to poison.
You resist negative energy. (rN+)
You are resistant to electric shocks. (rElec)
You are resistant to unholy torment.
You are immune to petrification.


Message History

Confirm with . or Enter, or press ? or * to list all spells.
Aiming: Stone Arrow (safe; 1% risk of failure)
Press: ? - help, Shift-Dir - straight line, f/p - orc warlord
Aim: an orc warlord, wielding a +6 broad axe and wearing a +0 chain mail (heavily wounded, 81% to hit)
The stone arrow hits the orc warlord!
The orc warlord is severely wounded.
The wall freezes the orc warlord but does no damage.
You block the orc warlord's attack. The orc hits you but does no damage.
Magic courses through your body.
The wall freezes the orc warlord but does no damage.
You block the orc warlord's attack. The orc hits you with a +0 hand axe.
Casting: Stone Arrow (safe; 1% risk of failure)
Confirm with . or Enter, or press ? or * to list all spells.
Aiming: Stone Arrow (safe; 1% risk of failure)
Press: ? - help, Shift-Dir - straight line, f/p - orc warlord
Aim: an orc warlord, wielding a +6 broad axe and wearing a +0 chain mail (severely wounded, 81% to hit)
The stone arrow misses the orc warlord.
The frozen ramparts melt away.
The orc warlord hits you with a +6 broad axe!
The orc closely misses you.
Casting: Stone Arrow (safe; 1% risk of failure)
Confirm with . or Enter, or press ? or * to list all spells.
Casting: Frozen Ramparts (dangerous; 4% risk of failure)
Press: ? - help, Dir - look around, f - activate The walls around you are covered in ice.
The wall freezes the orc warlord but does no damage.
The orc warlord hits you with a +6 broad axe!
* * * LOW HITPOINT WARNING * * *
The orc hits you but does no damage.
Casting: Frozen Ramparts (dangerous; 4% risk of failure)
Confirm with . or Enter, or press ? or * to list all spells.
Aiming: Stone Arrow (safe; 1% risk of failure)
Press: ? - help, Shift-Dir - straight line, f - orc warlord
Aim: an orc warlord, wielding a +6 broad axe and wearing a +0 chain mail (severely wounded, 81% to hit)
The stone arrow hits the orc warlord.
The orc warlord is severely wounded.
The wall freezes the orc warlord.
The orc warlord hits you with a +6 broad axe!
* * * LOW HITPOINT WARNING * * *
The orc hits you with a +0 hand axe.
You die...

##.........##.....##.)..
#.....⌠.....#######.....
#.........## ##....
#.........# #....
##.......## ##...
#..o....# #... ##..)..##
##.. ##)#### ###
##..o@.##....o....#
#....o..#.....o...
##.....[.##...ogg.
#........)# ...oo
#.........## ..g#
#...).⌠.....###'###
##.........##88g88##
#.........#..o....#
##......)##.......#


You could see an orc warlord and an orc (strong).

Vanquished Creatures
  Pikel (D:7)
  An orc knight (Bailey)
  A troll (D:8)
  A hornet (D:7)
  2 yaks (D:9)
  Duvessa (D:4)
  3 water moccasins
  6 orc warriors (Bailey)
  A black bear (D:5)
  2 ice beasts
  An ogre (D:5)
  2 centaurs (D:8)
  A kobold brigand (D:9)
  3 lemures (D:7)
  2 bullfrogs
  3 scorpions (D:5)
  A gnoll sergeant (D:7)
  3 killer bees (D:8)
  Dowan (D:4)
  A howler monkey (D:7)
  2 jellies
  3 orc priests
  5 hounds
  4 gnoll boudas
  4 iguanas
  8 orc wizards
  7 adders
  26 gnolls
  3 shadow imps (D:6)
  3 white imps
  2 worms
  A dart slug (D:3)
  47 orcs
  4 bats (D:1)
  6 endoplasms
  5 giant cockroaches
  18 goblins
  10 hobgoblins
  4 quokkas
  7 ball pythons
  8 frilled lizards
  13 kobolds
  9 rats
236 creatures vanquished.

Vanquished Creatures (others)
  4 fungi (D:7)
  8 plants
12 creatures vanquished.

Grand Total: 248 creatures vanquished

Notes
Turn   | Place    | Note
-------+----------+-------------------------------------------
     0 | D:1      | AarnesTheHuman the Gargoyle Earth Elementalist began the
                  | quest for the Orb.
     0 | D:1      | Reached XP level 1. HP: 10/10 MP: 3/3
   116 | D:1      | Reached XP level 2. HP: 11/15 MP: 0/5
   536 | D:1      | Reached XP level 3. HP: 19/19 MP: 4/6
   564 | D:1      | Learned a level 3 spell: Stone Arrow
  1524 | D:2      | Found a faded altar of an unknown god.
  1544 | D:2      | Reached skill level 1 in Conjurations
  1544 | D:2      | Reached XP level 4. HP: 24/24 MP: 6/8
  1623 | D:2      | Found a sparkling altar of Nemelex Xobeh.
  2691 | D:3      | Found Qedghytt's Antique Armour Emporium.
  2816 | D:3      | Noticed a water moccasin
  2821 | D:3      | Killed a water moccasin
  2822 | D:3      | Reached skill level 5 in Earth Magic
  2822 | D:3      | Reached XP level 5. HP: 28/28 MP: 8/10
  2990 | D:3      | Found a broken altar of Ashenzari.
  3554 | D:3      | Learned a level 2 spell: Passwall
  3607 | D:4      | Noticed a water moccasin
  3614 | D:4      | Killed a water moccasin
  3615 | D:4      | Reached XP level 6. HP: 9/32 MP: 4/12
  3919 | D:4      | Noticed Duvessa
  3921 | D:4      | Noticed Dowan
  3923 | D:4      | Killed Duvessa
  3924 | D:4      | Reached skill level 1 in Maces & Flails
  3933 | D:4      | Killed Dowan
  3934 | D:4      | Reached XP level 7. HP: 28/36 MP: 8/13
  4383 | D:4      | Found a blossoming altar of Fedhas.
  4385 | D:4      | Found an opulent altar of Gozag.
  4385 | D:4      | Found a white marble altar of Elyvilon.
  4386 | D:4      | Found a shadowy altar of Dithmenos.
  4387 | D:4      | Found an iron altar of Okawaru.
  4387 | D:4      | Found a hazy altar of Hepliaklqana.
  4387 | D:4      | Found a shimmering blue altar of Sif Muna.
  4387 | D:4      | Found an ancient bone altar of Kikubaaqudgha.
  4387 | D:4      | Found a basalt altar of Yredelemnul.
  4389 | D:4      | Found a bloodstained altar of Trog.
  4389 | D:4      | Found an ornate altar of the Wu Jian Council.
  4389 | D:4      | Found a radiant altar of Vehumet.
  4397 | D:4      | Became a worshipper of Vehumet
  4402 | D:4      | Learned a level 3 spell: Frozen Ramparts
  4700 | D:5      | Entered Level 5 of the Dungeon
  4871 | D:5      | Noticed a steam dragon
  4887 | D:5      | Reached skill level 1 in Ice Magic
  4906 | D:5      | Reached skill level 5 in Spellcasting
  5070 | D:5      | Reached XP level 8. HP: 41/41 MP: 5/15
  5536 | D:5      | Reached * piety under Vehumet
  5536 | D:5      | Offered knowledge of Shock by Vehumet.
  5886 | D:5      | Learned a level 1 spell: Shock
  6421 | D:6      | Reached skill level 1 in Fighting
  6517 | D:6      | Found a staircase to the Ecumenical Temple.
  7164 | Temple   | Entered the Ecumenical Temple
  7405 | D:7      | Noticed a hornet
  7409 | D:7      | Killed a hornet
  7410 | D:7      | Reached XP level 9. HP: 52/52 MP: 7/19
  7634 | D:7      | Reached skill level 1 in Shields
  7741 | D:7      | Reached ** piety under Vehumet
  7743 | D:7      | Offered knowledge of Searing Ray by Vehumet.
  8139 | D:7      | Noticed Pikel
  8301 | D:7      | Killed Pikel
  8302 | D:7      | Reached skill level 5 in Shields
  8302 | D:7      | Reached skill level 5 in Fighting
  9235 | D:7      | Found Iczoto Hyky's Assorted Antiques.
  9588 | D:7      | Found a sparkling altar of Nemelex Xobeh.
  9588 | D:7      | Found a sacrificial altar of Ru.
  9617 | D:7      | Found a runed translucent door.
  9618 | D:7      | Noticed Crazy Yiuf
  9821 | D:8      | Noticed a troll
  9928 | D:8      | Killed a troll
  9929 | D:8      | Reached skill level 5 in Conjurations
 10010 | D:8      | Reached XP level 10. HP: 56/59 MP: 16/20
 10694 | D:9      | Offered knowledge of Poisonous Vapours by Vehumet.
 10811 | D:9      | Found a flagged portal.
 10819 | Bailey   | Entered a bailey
 11194 | Bailey   | Reached *** piety under Vehumet
 11195 | Bailey   | Noticed an orc knight
 11212 | Bailey   | Killed an orc knight
 11484 | Bailey   | Learned a level 2 spell: Poisonous Vapours
 11713 | Bailey   | Offered knowledge of Flame Wave by Vehumet.
 11758 | Bailey   | Noticed an orc warlord
 11760 | Bailey   | Reached XP level 11. HP: 64/64 MP: 20/23
 11788 | Bailey   | HP: 3/64 [orc warlord/+6 broad axe (9)]
 11788 | Bailey   | Slain by an orc

Illustrated notes

Levels and vault maps discovered:
D:1:      lightli_arrival_quake, layout_basic, hangedman_abyss_or_decor_stabs,
          minmay_misc_feat_iff, grunt_decor_cap, minmay_nonomino_d4
D:2:      layout_basic, basic_altar, ebering_ecumenical_altar_webs
D:3:      layout_basic, ashenzari_conservatory_becter, serial_shops,
          nicolae_shop_overgrown_old_shop, kennysheep_generic_room_8
D:4:      cheibrodos_old_hovel, layout_rooms, nicolae_overflows_in_rows,
          uniq_duvessa
D:5:      layout_rooms
D:6:      layout_loops_ring, minmay_temple_entry_glass
D:7:      layout_loops_ring, gammafunk_temple_overflow_elements, serial_shops,
          kennysheep_mini, lightli_orcish_oven, uniq_crazy_yiuf_cottage,
          uniq_pikel
D:8:      layout_rooms, wad_dig_loot
D:9:      layout_stronghold, amcnicky_altar_gilded, enter_bailey_2
Temple:   nicolae_temple_stand_before_the_council
Bailey:   bailey_axe_minmay_hex_keep, bailey

Skill      XL: |  1  2  3  4  5  6  7  8  9 10 |
---------------+-------------------------------+-----
Earth Magic    | 4 5 6 7 8 |  8.0
Conjurations   | 1 2 3 4 5 8 |  8.6
Spellcasting   | 3 4 5 7 8 |  8.7
Maces & Flails | 1 3 7 |  7.2
Ice Magic      | 2 4 |  4.1
Fighting       | 4 5 6 |  6.1
Shields        | 5 6 |  6.5
Armour         | |  0.5
Dodging        | |  1.5
Stealth        | |  2.1
Transmutations | |  0.7

Action                   |  1- 3 |  4- 6 |  7- 9 | 10-12 || total
-------------------------+-------+-------+-------+-------++-------
Melee: Club              |     8 |       |       |       ||     8
       Dagger            |       |     1 |       |       ||     1
       Whip              |       |     7 |    91 |    29 ||   127
Throw: Dart              |       |       |     5 |       ||     5
 Cast: Sandblast         |    49 |    54 |    27 |       ||   130
       Stone Arrow       |       |     1 |    92 |    70 ||   163
       Shock             |       |       |    46 |     5 ||    51
       Frozen Ramparts   |       |       |    18 |    14 ||    32
Evoke: Wand              |       |     5 |     1 |     2 ||     8
  Use: Scroll            |       |     9 |     4 |     5 ||    18
       Potion            |       |       |       |     3 ||     3
 Stab: Distracted        |       |       |     1 |       ||     1
Armor: Robe              |    16 |     9 |     9 |       ||    34
       Leather armour    |       |       |    42 |    29 ||    71
Dodge: Dodged            |    17 |    11 |    63 |    19 ||   110
Block: Kite shield       |       |       |     9 |    39 ||    48

Table legend: (Time is in decaauts)
 A = Elapsed time spent in this place.
 B = Non-inter-level travel time spent in this place.
 C = Inter-level travel time spent in this place.
 D = Time resting spent in this place.
 E = Time spent auto-exploring this place.
 F = Levels seen in this place.
 G = Mean time per level.
                   A        B        C        D        E       F      G
               +--------+--------+--------+--------+--------+-----+--------+
         Total |  11864 |  11155 |    709 |   3047 |   6095 |  11 | 1078.5 |
       Dungeon |  10871 |  10170 |    701 |   2460 |   6048 |   9 | 1207.9 |
        Temple |     23 |     15 |      8 |      0 |     11 |   1 |   23.0 |
        Bailey |    969 |    969 |      0 |    587 |     36 |   1 |  969.0 |
               +--------+--------+--------+--------+--------+-----+--------+

Top non-repeatable levels by time:
     D:6: 2142 daAuts
     D:3: 1714 daAuts
     D:7: 1644 daAuts
     D:1: 1429 daAuts
     D:8: 1035 daAuts
     D:4: 973 daAuts
  Bailey: 969 daAuts
     D:2: 941 daAuts
     D:5: 908 daAuts
     D:9: 80 daAuts
  Temple: 23 daAuts
